[Event "*** Titled Tuesday Blitz"]
[Site "Chess.com"]
[Date "2019.01.01"]
[Round "3"]
[White "ahmadzada13"]
[Black "xamax2000"]
[Result "0-1"]
[WhiteElo "2815"]
[BlackElo "2500"]
[TimeControl "180+2"]
[EndTime "13:38:02 PST"]
[Termination "xamax2000 won on time"]

1. e4 e5 2. Nf3 Nc6 3. Bb5 a6 4.
Ba4 Nf6 5. O-O Bc5 6. d3 b5 7. Bb3 d6 8. a4 Rb8 9. Nc3 h6 10.
Nd5 O-O 11. c3 Nxd5 12. Bxd5 Ne7 13. Ba2 Ng6 14. d4 Bb6 15. h3 Qf6 16. Be3 Be6 17. Bxe6 fxe6 18. axb5 axb5 19. Qb3 Kh8 20. Ra6 Nf4 21.
Bxf4 Qxf4 22. Qxe6 exd4 23. cxd4 Rbe8 24. Qg6 Rxe4 25.
Rfa1 Qf5 26. Qxf5 Rxf5 27. Ra8+ Kh7 28. Rc8 Re2 29. Raa8 Rf4 30. h4 Kg6 31. Rg8 Bxd4 32.
h5+ Kxh5 33. Nxd4 Rxd4 34. Rxg7 Rd1+ 35. Kh2 Rxf2 36. Rxc7 Rxb2 37. Rg8 Rd4 38. Rf7 Rh4+ 39.
Kg1 Rg4 40. Rf5+ Kh4 41. Rxg4+ Kxg4 42. Rf6 d5 43. Rxh6 Kf4 44. Rd6 Ke5 45. Rd8 b4 46. Kf1 b3 47. Rb8 Rb1+ 48. Kf2 b2 49. Rb4 d4 50. Rb5+ Kd6 51. Rb3 Kc5 52. g4 Rh1 0-1

[Event "*** Titled Tuesday Blitz"]
[Site "Chess.com"]
[Date "2019.01.01"]
[Round "3"]
[White "ama18"]
[Black "Peng_Li-Min"]
[Result "0-1"]
[WhiteElo "2437"]
[BlackElo "2654"]
[TimeControl "180+2"]
[EndTime "13:38:04 PST"]
[Termination "Peng_Li-Min won by resignation"]

1. e4 g6 2. d4 Bg7 3. Nc3 d6 4. f4 a6 5. Nf3 b5 6. Bd3 Nd7 7. O-O c5 8. dxc5 Nxc5 9. e5 Nh6 10. Ne4 Nxe4 11. Bxe4 Bb7 12. Bxb7 Qb6+ 13. Kh1 Qxb7 14. exd6 O-O 15. dxe7 Rfe8 16. Re1 Nf5 17. c3 Rxe7 18. Rxe7 Qxe7 19. Bd2 Rd8 20. Qf1 h6 21. Re1 Qd7 22. Bc1 Qd5 23. a3 Qb3 24. Qe2 Bf6 25. Ne5 Re8 26. Qd1 Qxd1 27. Rxd1 Bxe5 28. Re1 f6 29. fxe5 h5 30. e6 Ng7 31. b3 Nxe6 32.
c4 bxc4 33. bxc4 Kf7 34. Kg1 Rc8 35. Re4 f5 36. Rh4 Rb8 37. Kf2 Rb1 38. Bd2 Rb2 39.
Ke1 Ra2 40. Rh3 Nc5 41. Bb4 Ne4 42. c5 Ke6 43. Rd3 Rxg2 44. Rd8 Rc2 45. Ra8 f4 46. Rxa6+ Kf5 47. Ra8 f3 48. Rf8+ Kg4 49. Kd1 Rc4 50.
h3+ Kg3 51. Be1+ f2 52. Bxf2+ Nxf2+ 53. Ke2 Nxh3 54. Rc8 Nf4+ 55. Kd2 h4 56. c6 h3 57. c7 h2 0-1

[Event "*** Titled Tuesday Blitz"]
[Site "Chess.com"]
[Date "2019.01.01"]
[Round "3"]
[White "RichardLeyvaP"]
[Black "Fivetrick"]
[Result "1-0"]
[WhiteElo "2537"]
[BlackElo "2651"]
[TimeControl "180+2"]
[EndTime "13:38:09 PST"]
[Termination "RichardLeyvaP won by checkmate"]

1. e4 c5 2. Nf3 d6 3. d4 cxd4 4. Nxd4 Nf6 5. Nc3 a6 6. Bc4 e6 7. Bb3 Nbd7 8. Bg5 Nc5 9. Qe2 Be7 10. f4 h6 11. Bxf6 Bxf6 12. O-O-O O-O 13. g4 Nxb3+ 14. axb3 Qc7 15. h4 g6 16. g5 hxg5 17. hxg5 Bg7 18.
f5 exf5 19. Nd5 Qd8 20. Rdg1 Re8 21. Nf3 Rxe4 22. Qh2 Be6 23. Qh7+ Kf8 24. Nf6 Bxf6 25. gxf6 Qxf6 26. Qh8+ Qxh8 27. Rxh8+ Ke7 28. Rxa8 Bd5 29.
Kd2 Rf4 30. Ng5 Kf6 31. c4 Be6 32. Nxe6 fxe6 33. Rg8 g5 34. R8xg5 Rf2+ 35. Kc3 f4 36. Rg6+ Kf7 37. Rg7+ Kf6 38. R1g6+ Kf5 39. Rg5+ Kf6 40. R7g6+ Kf7 41. Rh6 Rf3+ 42. Kd4 Rf2 43. Rgg6 e5+ 44. Ke4 Re2+ 45. Kf5 f3 46. Rh7+ Kf8 47. Rf6+ Kg8 48. Rff7 f2 49. Rfg7+ Kf8 50. Kg6 f1=Q 51. Rh8# 1-0

[Event "*** Titled Tuesday Blitz"]
[Site "Chess.com"]
[Date "2019.01.01"]
[Round "3"]
[White "Supernotar"]
[Black "ElHelvetico"]
[Result "1-0"]
[WhiteElo "2425"]
[BlackElo "2554"]
[TimeControl "180+2"]
[EndTime "13:38:10 PST"]
[Termination "Supernotar won by resignation"]

1. d4 Nf6 2. c4 e6 3. Nf3 d5 4. e3 c5 5. cxd5 exd5 6. Be2 Nc6 7. O-O Be7 8. b3 O-O 9. Bb2 b6 10. Nc3 Bb7 11. Rc1 Rc8 12. Na4 Ne4 13. dxc5 bxc5 14.
Qd3 Nb4 15. Qb1 Qd6 16. Rfd1 Rfd8 17. a3 Nc6 18. Qa1 Qg6 19. Nc3 Na5 20. Qa2 h6 21. Nxe4 Qxe4 22. Ba1 Qe6 23. Bc3 Qb6 24. Qb2 Nxb3 25.
Rb1 d4 26. exd4 Bxf3 27. Bxf3 Nxd4 28. Bxd4 cxd4 29. Qxb6 axb6 30. Rxb6 Bxa3 31. Rb3 Bc5 32. Rbd3 Bb6 33. g3 Rd6 34. Kg2 g6 35. h4 Rc2 36.
h5 g5 37. g4 Kg7 38. R1d2 Rxd2 39. Rxd2 Ba5 40. Rd3 Bc3 41. Be4 Kf6 42. Rf3+ Ke5 43. Bd3 f6 44. Rf5+ Ke6 45. Kf3 Rb6 46. Bc4+ Ke7 47.
Rc5 Rb7 48. Ke4 Rd7 49. Rc6 Rd6 50. Rxd6 Kxd6 51. Kf5 Ke7 52. Kg6 Be1 53. f3 Bc3 54. Kxh6 f5 55. gxf5 Kf6 56. Bd3 Bd2 57.
Kh7 Bb4 58. Kg8 g4 59. h6 gxf3 60. h7 1-0

[Event "*** Titled Tuesday Blitz"]
[Site "Chess.com"]
[Date "2019.01.01"]
[Round "3"]
[White "iLuusions"]
[Black "AnonymousBread"]
[Result "1-0"]
[WhiteElo "2578"]
[BlackElo "2556"]
[TimeControl "180+2"]
[EndTime "13:38:11 PST"]
[Termination "iLuusions won by resignation"]

1. d4 Nf6 2. c4 g6 3. Nf3 Bg7 4. g3 O-O 5. Bg2 d6 6. O-O c6 7. Nc3 Qa5 8. e4 e5 9. h3 Nbd7 10. Qc2 exd4 11. Nxd4 Re8 12. Rd1 Ne5 13. b3 Qc7 14. Be3 a5 15. Rac1 Ned7 16. Bf4 Nh5 17.
Be3 Nc5 18. Nde2 Qe7 19. Qd2 Bf8 20. Bh6 Bxh6 21. Qxh6 Nf6 22. f3 a4 23. b4 Ne6 24. a3 b6 25. Rd2 Ba6 26. b5 cxb5 27. cxb5 Bb7 28. Rcd1 Rad8 29. Qe3 Nc5 30. Nf4 Qe5 31.
g4 Nb3 32. Rd3 Nc5 33. Rd4 Kg7 34. Nxa4 Nxa4 35. Rxa4 d5 36. Nd3 Qe7 37. e5 Nd7 38. f4 Nc5 39. Ra7 Ra8 40. Rxa8 Rxa8 41. Nxc5 bxc5 42.
Bxd5 Bxd5 43. Rxd5 c4 44. Rd6 Qb7 45. e6 c3 46.
Qxc3+ Kg8 47. Rd7 Qb6+ 48. Kg2 Qxe6 49. Rd2 Rc8 50. Qb4 Qe3 51. a4 h5 52. Qd4 Qb3 53.
gxh5 Rc3 54. Qd8+ Kg7 55. Qh4 Qxa4 56. hxg6 Qe4+ 57. Kh2 Qxg6 58. Rg2 1-0

[Event "*** Titled Tuesday Blitz"]
[Site "Chess.com"]
[Date "2019.01.01"]
[Round "3"]
[White "vladimirdamjanovic"]
[Black "BlackBoarder"]
[Result "1-0"]
[WhiteElo "2609"]
[BlackElo "2554"]
[TimeControl "180+2"]
[EndTime "13:38:12 PST"]
[Termination "vladimirdamjanovic won by resignation"]

1. d4 Nf6 2. Nf3 e6 3. c4 d5 4. Nc3 Bb4 5. Bg5 h6 6. Bh4 c5 7. e3 cxd4 8. exd4 Nc6 9. cxd5 Qxd5 10. Bxf6 gxf6 11. Be2 b6 12. a3 Bxc3+ 13. bxc3 Bb7 14. c4 Qa5+ 15. Qd2 Qxd2+ 16. Kxd2 O-O-O 17. Kc3 Rhg8 18. g3 f5 19. Rhd1 Rd7 20. Ne5 Nxe5 21. dxe5 Rxd1 22. Rxd1 f4 23. gxf4 Rg2 24. Bh5 Rxf2 25. Bxf7 Rxf4 26. Bxe6+ Kb8 27. Rd8+ Kc7 28. Rd7+ Kb8 29. Rf7 Rxf7 30. Bxf7 Kc7 31. Kd4 Kd7 32. Bd5 Ba6 33. Ke4 Ke7 34. Kf5 b5 35. c5 Bc8+ 36. e6 a5 37. Ke5 b4 38. axb4 axb4 39. c6 Ba6 40. c7 Bc8 41. h4 Ba6 42. Ba2 Bc8 43. Bb3 Bb7 44. Kf5 Bc8 45. Kg6 Kd6 46. Kf7 Kxc7 47. e7 Bd7 48. e8=Q Bxe8+ 49. Kxe8 Kd6 50. Kf7 h5 51. Kg6 Ke7 52. Kxh5 Kf6 53. Kh6 Kf5 54. h5 Kf6 55. Kh7 Ke5 56. Kg7 Kd4 57. h6 Kc3 58. Bf7 b3 59. Bxb3 Kxb3 60. h7 1-0

[Event "*** Titled Tuesday Blitz"]
[Site "Chess.com"]
[Date "2019.01.01"]
[Round "3"]
[White "Generalas"]
[Black "Saitama_Hero"]
[Result "1-0"]
[WhiteElo "2275"]
[BlackElo "2390"]
[TimeControl "180+2"]
[EndTime "13:38:13 PST"]
[Termination "Generalas won by resignation"]

1. e4 d6 2. d4 g6 3. Nc3 Bg7 4. f4 Nf6 5. Nf3 c5 6. d5 O-O 7.
Be3 a6 8. a4 Qa5 9. Bd3 c4 10.
Bxc4 Nxe4 11. O-O Nxc3 12. bxc3 Qxc3 13. Qe2 Bg4 14. Rab1 Nd7 15. Rxb7 Rfb8 16. Rfb1 Bxf3 17. gxf3 Bd4 18. Bd3 Bxe3+ 19. Qxe3 Qc5 20. Qxc5 dxc5 21. Kf2 Kf8 22. Ke3 Ke8 23. f5 Kd8 24. fxg6 hxg6 25. Kf4 Rxb7 26. Rxb7 Kc8 27. Rb1 Kc7 28. Kg5 Nb6 29.
a5 Nxd5 30. Be4 Rd8 31. Rd1 f6+ 32. Kh6 e6 33. c4 Nf4 34. Rxd8 Kxd8 35. Bxg6 Ke7 36.
Be4 f5 37. Bb7 Nd3 38. Bxa6 Ne5 39. Bb5 Kd6 40. h4 Nxf3 41. h5 Ne5 42. Kg5 Nf7+ 43. Kf6 Nh6 44. Kg6 Ng4 45. Kg5 Ne5 46. Be8 Ke7 47.
Bg6 Nc6 48. a6 Kf8 49. Bxf5 exf5 50. Kxf5 Kg7 51. Ke6 Na7 52. Kd6 Kh6 53. Kxc5 Kxh5 54. Kb6 Nc8+ 55. Kc7 Ne7 56. a7 1-0

[Event "*** Titled Tuesday Blitz"]
[Site "Chess.com"]
[Date "2019.01.01"]
[Round "3"]
[White "Fluffey"]
[Black "gmcorrales"]
[Result "0-1"]
[WhiteElo "2463"]
[BlackElo "2761"]
[TimeControl "180+2"]
[EndTime "13:38:16 PST"]
[Termination "gmcorrales won by resignation"]

1. Nf3 Nf6 2. g3 g6 3. Bg2 Bg7 4. O-O O-O 5. d4 d6 6. b3 Nbd7 7. Bb2 a5 8. c4 c6 9. Nc3 Re8 10.
Qc2 e5 11. dxe5 Nxe5 12. Rad1 Nxf3+ 13. exf3 Be6 14. Qd3 d5 15. cxd5 Nxd5 16. f4 Nxc3 17. Bxc3 Qxd3 18. Rxd3 a4 19. Bxg7 Kxg7 20. Rc1 axb3 21.
axb3 Ra3 22. Bf1 Rea8 23. b4 Rxd3 24. Bxd3 Ra3 25. Bc4 Kf6 26. Kg2 Bxc4 27. Rxc4 Rb3 28. g4 Ke6 29. Rd4 b5 30. f3 Rc3 31. Kf2 f5 32. g5 Rc2+ 33. Ke3 Rxh2 34. Rd8 Rb2 35. Rh8 Rb3+ 36. Ke2 Rxb4 37. Rxh7 Rxf4 38. Rg7 Rc4 39.
Rxg6+ Ke5 40. Rg8 Kf4 41. g6 Rc2+ 42. Kd3 Rg2 43. g7 c5 44. Kc3 c4 45. Kb4 Rg6 46.
Kc3 Rg5 47. Kb4 Rg3 48. Kxb5 c3 49. Rc8 Rxg7 50. Rxc3 Re7 51. Kc5 Re3 52. Rc1 Kxf3 53. Kd4 f4 54. Rf1+ Kg3 55. Ra1 Re8 56. Ra7 f3 57.
Rg7+ Kf2 58. Kd3 Kf1 59. Kd2 f2 60. Rf7 Re5 61. Rf8 Re7 62. Rf6 Rd7+ 63. Ke3 Ke1 64.
Ra6 Re7+ 65. Kf3 0-1

[Event "*** Titled Tuesday Blitz"]
[Site "Chess.com"]
[Date "2019.01.01"]
[Round "3"]
[White "NTBT_DHS"]
[Black "Zq1"]
[Result "1-0"]
[WhiteElo "2706"]
[BlackElo "2455"]
[TimeControl "180+2"]
[EndTime "13:38:27 PST"]
[Termination "NTBT_DHS won by resignation"]

1. d4 Nf6 2. c4 a6 3. Nf3 c5 4.
d5 b5 5. Nc3 b4 6. Na4 d6 7. b3 g6 8. Bb2 Bg7 9. e4 O-O 10. e5 Ng4 11. exd6 Bxb2 12. Nxb2 exd6 13. h3 Qf6 14. Qd2 Re8+ 15. Be2 Ne5 16. Nxe5 Qxe5 17.
Rd1 Nd7 18. Nd3 Qd4 19. O-O Nf6 20. Rfe1 Bf5 21. Qf4 Qxf4 22. Nxf4 Ne4 23. g4 Bd7 24.
Ra1 a5 25. a3 Nc3 26. Kf1 a4 27. axb4 cxb4 28. bxa4 b3 29. Nd3 Nxa4 30. Bd1 Rxe1+ 31. Kxe1 Rb8 32. Kd2 f5 33. g5 Kf7 34. f4 Ke7 35.
Rb1 Nc5 36. Nxc5 dxc5 37. Kc3 Kd6 38. Bxb3 Re8 39. Kd2 Re4 40. Rf1 Rd4+ 41. Kc3 Re4 42. h4 Re3+ 43. Kb2 Rh3 44. Ra1 Rxh4 45. Ra6+ Kc7 46.
Ra7+ Kc8 47. Ra5 Rxf4 48. Rxc5+ Kd8 49. Ra5 Rf2+ 50. Kc3 f4 51. c5 f3 52. c6 Be8 53.
Ra8+ Ke7 54. c7 Bd7 55. Rd8 Rf1 56. d6+ Kxd6 57. c8=Q Rc1+ 58. Bc2 1-0

[Event "*** Titled Tuesday Blitz"]
[Site "Chess.com"]
[Date "2019.01.01"]
[Round "3"]
[White "aa175"]
[Black "esteban062000"]
[Result "0-1"]
[WhiteElo "1927"]
[BlackElo "2201"]
[TimeControl "180+2"]
[EndTime "13:38:28 PST"]
[Termination "esteban062000 won by resignation"]

1. e4 c5 2. Nf3 g6 3. d4 cxd4 4. Qxd4 Nf6 5. Nc3 Nc6 6. Qd1 Bg7 7. Bc4 O-O 8. O-O d6 9. Be3 Bg4 10. h3 Bxf3 11. Qxf3 Ne5 12. Qe2 Nxc4 13. Qxc4 Rc8 14. Qb3 b6 15. Qa4 Qd7 16. Qb3 Rxc3 17. bxc3 Nxe4 18. Bd4 Nd2 19. Qb2 Nxf1 20. Bxg7 Kxg7 21. Rxf1 Rc8 22. Re1 e6 23. c4+ Kg8 24. Qd4 Qc6 25. Re4 Qa4 26. Qxd6 Qxc2 27. Rf4 Qxa2 28. Kh2 Rf8 29. h4 Qe2 30. Qa3 e5 31. Rf3 Qxc4 32. Qxa7 Qxh4+ 33. Rh3 Qxf2 34. Qc7 Qf4+ 35. Kg1 Qd4+ 36.
Kh2 e4 37. Qf4 Qg7 38. Qxe4 b5 39. Rb3 Qh6+ 40. Rh3 Qg5 41. Qb4 Qe5+ 42. Kg1 Re8 43. Qb3 Qe1+ 44. Kh2 Qe5+ 45. Kg1 Qa1+ 46. Kh2 Qa4 47.
Qg3 Qa8 48. Qh4 Qb8+ 49. Kg1 Qb6+ 50. Kh2 Qd6+ 51. Kg1 Qd1+ 52. Kh2 Qd6+ 53. Kg1 h5 54.
Kh1 Qe5 55. Kg1 Qe1+ 56. Qxe1 Rxe1+ 57. Kf2 Re6 58. Rb3 Rb6 59. Ke3 Kg7 60. Kd4 Kf6 61. Kc5 Rb8 62. Kd6 b4 63. Kc7 Rb5 64. Kc6 Rg5 65.
Rxb4 Rxg2 66. Rb7 Rc2+ 67. Kd7 Re2 68. Rb6+ Kg5 69. Rb5+ f5 70. Kd6 h4 71. Rb4 h3 72.
Rb3 Kg4 73. Rb8 g5 74. Rh8 h2 75. Kd7 Kg3 76. Rxh2 Rxh2 77. Ke6 f4 78. Kf6 f3 79. Kg6 f2 80. Kf6 f1=Q+ 81. Kg6 Rb2 82. Kg7 Qc4 83. Kh6 Rb6+ 84. Kh5 Qf7+ 85. Kxg5 0-1

[Event "*** Titled Tuesday Blitz"]
[Site "Chess.com"]
[Date "2019.01.01"]
[Round "3"]
[White "Blagorod"]
[Black "BrianWall"]
[Result "0-1"]
[WhiteElo "2099"]
[BlackElo "2088"]
[TimeControl "180+2"]
[EndTime "13:38:29 PST"]
[Termination "BrianWall won on time"]

1. e4 e5 2. Nf3 Nc6 3. Bb5 Nf6 4. O-O Ng4 5. d4 exd4 6. Nxd4 h5 7. Nc3 Bc5 8. Nf3 d6 9. Bg5 f6 10. Bc1 Bd7 11. a3 Nce5 12. Bxd7+ Qxd7 13. b4 Bb6 14. Nd5 c6 15. Nxb6 axb6 16. Bb2 b5 17. Bxe5 fxe5 18. Qd2 Qe7 19. Rfd1 Rd8 20. Qg5 Qxg5 21. Nxg5 Ke7 22. Rd2 h4 23. h3 Nf6 24. Re1 Rd7 25. Nf3 Rh5 26. Nh2 g5 27. f3 Rh8 28. Nf1 Nh5 29. Ne3 Ng7 30. Red1 Ra8 31. Rd3 Ke6 32.
Kf2 Nh5 33. c4 Nf4 34. R3d2 Rxa3 35. cxb5 cxb5 36. Nf5 d5 37. Ne3 d4 38. Ng4 Rc7 39. g3 hxg3+ 40. Kxg3 Rcc3 41. Rf1 Ra4 42. Rb2 Rc4 43. Rfb1 Ra3 44. h4 gxh4+ 45. Kxh4 Rxf3 46. Ra1 Rc6 47. Ra8 Rc7 48. Re8+ Kf7 49. Nxe5+ Kxe8 50. Nxf3 d3 51. Rd2 Rc4 52. Kg4 Rxe4 53. Kf5 Rxb4 54. Ne5 Kd8 55. Nf7+ Kc7 56. Ke5 Kc6 57. Ng5 Kb6 58.
Ne4 Ng6+ 59. Kf5 Ne7+ 60. Ke5 Nc6+ 61. Kf5 Rd4 62. Nf6 b4 63. Ne4 b3 64. Nc3 Kc5 65.
Nb1 Kb4 66. Kf6 Na5 0-1

[Event "*** Titled Tuesday Blitz"]
[Site "Chess.com"]
[Date "2019.01.01"]
[Round "3"]
[White "Keaton87"]
[Black "JoakimVonAnd"]
[Result "1-0"]
[WhiteElo "2512"]
[BlackElo "2352"]
[TimeControl "180+2"]
[EndTime "13:38:29 PST"]
[Termination "Keaton87 won by resignation"]

1. Nf3 d5 2. e3 Nf6 3. c4 c6 4. Nc3 Bf5 5. Qb3 Qb6 6. cxd5 Qxb3 7. axb3 cxd5 8. Nb5 Kd8 9. Rxa7 Rxa7 10. Nxa7 Nbd7 11. d4 e6 12. Bd2 Bc2 13. b4 Ne4 14. Bc3 Nb6 15.
Nd2 Kd7 16. Bb5+ Kc7 17. Be2 Bd6 18. f3 Nf6 19. Nb5+ Kd7 20. Nxd6 Kxd6 21. Kf2 Ra8 22. Rc1 Bg6 23. Nb3 Ra2 24. Ra1 Rxa1 25. Nxa1 Na4 26.
Nb3 b6 27. Bb5 Nxc3 28. bxc3 Bc2 29. Nd2 h6 30. g4 Bg6 31. h4 e5 32. Ke2 e4 33. g5 hxg5 34. hxg5 exf3+ 35. Kxf3 Nh7 36. Kf4 Nf8 37. Nf3 Ne6+ 38. Kg4 f5+ 39. gxf6 gxf6 40. Nh4 Be4 41. Be2 Nc7 42. Nf5+ Ke6 43. Ng3 f5+ 44. Kg5 Ne8 45. Nh5 Nd6 46. Bf1 Kf7 47.
Ba6 Ke6 48. Be2 Ke7 49. Kh6 Kf7 50. Ng7 Kf6 51. Nh5+ Kf7 52. Kg5 Ke6 53. Bf1 Kf7 54. Bh3 Nb5 55. Bxf5 Nxc3 56. Ng3 Bf3 57. Kf4 Bg2 58. Ke5 Ke7 59. Be6 Na2 60. Nf5+ Kd8 61.
Bxd5 Bxd5 62. Kxd5 Nxb4+ 63. Kd6 Ke8 64. e4 Nd3 65. e5 b5 66. e6 Nf4 67. Ng7+ Kf8 68.
e7+ Kxg7 69. e8=Q 1-0

[Event "*** Titled Tuesday Blitz"]
[Site "Chess.com"]
[Date "2019.01.01"]
[Round "3"]
[White "Bad4life"]
[Black "Sordis"]
[Result "0-1"]
[WhiteElo "2329"]
[BlackElo "2409"]
[TimeControl "180+2"]
[EndTime "13:38:30 PST"]
[Termination "Sordis won by resignation"]

1. e4 c5 2. Nf3 d6 3. d4 cxd4 4. Nxd4 Nf6 5. Nc3 g6 6. Be3 Bg7 7. Be2 O-O 8. Qd2 Ng4 9. Bxg4 Bxg4 10. f3 Be6 11. h4 Nc6 12. h5 Qa5 13. Nb3 Qc7 14. Bh6 Bxh6 15. Qxh6 g5 16. O-O-O f6 17. f4 Nd8 18. Nd4 Qc8 19. Nd5 Bxd5 20. Nf5 Qxf5 21.
exf5 Bc6 22. fxg5 Nf7 23. Qxf8+ Kxf8 24. g6 Nh6 25. Rh3 Nxf5 26. g4 Nh6 27. g5 fxg5 28. Rf1+ Kg7 29. Re3 e5 30. Rd1 hxg6 31. hxg6 Rd8 32.
Rxe5 dxe5 33. Rxd8 Kxg6 34. b4 a6 35. c4 g4 36. Kd2 g3 37. Ke2 g2 38. Kf2 Ng4+ 39. Kg1 Ne3 40. b5 axb5 41. cxb5 Bxb5 42. Kf2 Nf5 43.
Kxg2 Nd4 44. Kf2 Kf5 45. Ke3 Ke6 46. Rb8 Bc6 47. a4 Kd5 48. a5 Nb3 49. Ra8 Nc5 50. Rd8+ Kc4 51. Re8 e4 52. Re5 Na6 53. Rh5 Kb4 54.
Kd4 Nc7 55. Rh7 Nb5+ 56. Ke3 Kxa5 57. Rh1 Kb6 58. Rb1 Kc5 59. Rc1+ Kd5 60. Rd1+ Ke5 61. Rh1 Nd6 62. Rh5+ Nf5+ 63. Ke2 Kf4 64. Ke1 e3 65. Rh1 Bxh1 0-1

[Event "*** Titled Tuesday Blitz"]
[Site "Chess.com"]
[Date "2019.01.01"]
[Round "3"]
[White "vovachesss"]
[Black "Dr-Bassem"]
[Result "0-1"]
[WhiteElo "2495"]
[BlackElo "2725"]
[TimeControl "180+2"]
[EndTime "13:38:33 PST"]
[Termination "Dr-Bassem won by resignation"]

1. d4 e6 2. Nf3 f5 3. g3 Nf6 4. Bg2 Be7 5. O-O O-O 6. c4 d6 7. Nc3 Qe8 8. Qc2 Qg6 9. Re1 Ne4 10. Nd2 Nxc3 11. bxc3 e5 12. e4 Nc6 13. Qd3 f4 14. Nf3 Bg4 15. c5 Rf7 16. cxd6 cxd6 17. Kh1 fxg3 18.
fxg3 Raf8 19. Ng1 d5 20. Be3 exd4 21. cxd4 Nb4 22. Qb1 dxe4 23. Bxe4 Qh5 24. Qb3 Bd6 25. Kg2 Kh8 26. Rf1 Rxf1 27. Rxf1 Re8 28. Bxb7 Be6 29. Qd1 Bd5+ 30. Bxd5 Qxd5+ 31. Qf3 Rxe3 32. Qxd5 Nxd5 33. Rf7 Be7 34. Rf5 Nf6 35. Ra5 Ra3 36. Rb5 Rxa2+ 37. Kf3 h6 38. Rb8+ Kh7 39. Rb7 Bf8 40. Ne2 a5 41.
Nf4 Ra3+ 42. Kg2 Re3 43. d5 Bd6 44. Ne6 Nxd5 45. Nxg7 Re7 46. Rb5 Rxg7 47. Rxa5 Nf6 48. Rf5 Kg6 49. Rf3 Rb7 50. Rd3 Rb2+ 51. Kf3 Be5 52. h4 h5 53. Re3 Kf5 54. Rd3 Ng4 55. Rd2 Nh2+ 56. Ke2 Rxd2+ 57. Kxd2 Bxg3 58. Ke2 Kg4 0-1

[Event "*** Titled Tuesday Blitz"]
[Site "Chess.com"]
[Date "2019.01.01"]
[Round "3"]
[White "Vegan4future"]
[Black "Martins-BR"]
[Result "1-0"]
[WhiteElo "2338"]
[BlackElo "2213"]
[TimeControl "180+2"]
[EndTime "13:38:36 PST"]
[Termination "Vegan4future won by resignation"]

1. d4 f5 2. c4 Nf6 3. Nc3 d6 4. g3 g6 5. Bg2 Bg7 6. Nh3 O-O 7. O-O Nc6 8. d5 Ne5 9. b3 c5 10. dxc6 bxc6 11. Bb2 Rb8 12. Qc2 Bd7 13. Rad1 Qa5 14. Ba1 h6 15. Nf4 g5 16. Nd3 Nf7 17. c5 d5 18. Na4 Ne4 19. Bxg7 Kxg7 20. f3 Nf6 21. f4 Qc7 22. Qc3 Kg8 23. Nab2 Ng4 24.
Qd4 e5 25. fxe5 Ngxe5 26. Nxe5 Qxe5 27. e3 Rfe8 28. Rde1 Qxd4 29. exd4 Rb4 30. Rxe8+ Bxe8 31. Rd1 Nd8 32. Bh3 Bg6 33. Rd3 Ne6 34. a3 Rxd4 35.
Rxd4 Nxd4 36. b4 Nc2 37. Nd3 Nxa3 38. Ne5 Be8 39. Bxf5 Nb5 40. Kf2 Nd4 41. Bd3 Kg7 42. Ke3 Ne6 43. Bf5 Kf6 44. Bxe6 Kxe6 45. Kd4 a6 46. Ng4 h5 47. Ne5 h4 48. Nf3 hxg3 49.
hxg3 Kf5 50. Ne5 g4 51. Nd3 Kf6 52. Nf4 Kf5 53. Ng2 Kf6 54. Ne3 Bd7 55. Nc2 Bf5 56.
Na1 Be6 57. Nb3 Bd7 58. Na5 Kf5 59. Nb7 Kf6 60. Nd6 Be6 61. Ne8+ Kf5 62. Nc7 Bd7 63.
Nxa6 Ke6 64. Nb8 Be8 65. Na6 Kd7 66. Ke5 Kc8 67. b5 cxb5 68. Nb4 Bf7 69. Kd6 d4 70.
Ke5 Kc7 71. Kxd4 Bc4 72. Ke5 Kd7 73. Kf4 Be2 74. Ke4 Bc4 75. Kd4 Be2 76. Kc3 Bc4 77.
Nc2 Kc6 78. Kb4 Kd5 79. Ne3+ Ke4 80. Nxg4 Kf3 81. Ne5+ Kxg3 82. Nxc4 bxc4 83. c6 1-0

[Event "*** Titled Tuesday Blitz"]
[Site "Chess.com"]
[Date "2019.01.01"]
[Round "3"]
[White "HonzaVykouk"]
[Black "DanielNaroditsky"]
[Result "1/2-1/2"]
[WhiteElo "2642"]
[BlackElo "2922"]
[TimeControl "180+2"]
[EndTime "13:38:43 PST"]
[Termination "Game drawn by agreement"]

1. e4 g6 2. d4 Bg7 3. Nc3 d6 4. Be3 Nf6 5. Qd2 c6 6. f3 Qa5 7. O-O-O Nbd7 8. h4 b5 9. Kb1 b4 10. Nce2 c5 11. h5 Nxh5 12. g4 Nhf6 13. Ng3 Nb6 14.
g5 Nfd7 15. dxc5 Na4 16. Bd4 Nc3+ 17. bxc3 bxc3 18. Qc1 Qb4+ 19. Ka1 Bxd4 20. cxd6 Nc5 21. Qb1 Qb2+ 22. Qxb2 cxb2+ 23. Kb1 Be5 24. Bb5+ Kf8 25. dxe7+ Kxe7 26. N1e2 Rb8 27. Bc4 Be6 28. Bxe6 Nxe6 29. Rd5 Bc7 30. Rhd1 Rhd8 31. Rxd8 Rxd8 32. Rxd8 Kxd8 33.
Kxb2 Nxg5 34. f4 Ne6 35. f5 Ng5 36. fxg6 fxg6 37. Kc3 h5 38. Kd3 h4 39. Nf1 Ke7 40.
Ke3 Ne6 41. Kf3 h3 42. c4 Kf6 43. Neg3 g5 44. Kg4 Bxg3 45. Kxg3 Ke5 46. Nd2 Kd4 47.
Kxh3 Ke3 48. Nb3 Kf3 49. Nd2+ Ke3 50. Nb3 Kxe4 51. Kg4 Ke5 52. Na5 a6 53. Nc6+ Kd6 54.
Na5 Kc5 55. Kf5 Nd4+ 56. Kxg5 Kb4 57. Nb7 Kxc4 58. Kf4 Ne2+ 59. Ke3 Nc3 60. a3 Nb1 61. a4 Kb4 62. a5 Na3 63. Kd3 Nc4 64. Kc2 Kb5 65.
Kb3 Nd2+ 66. Kc3 Ne4+ 67. Kd4 Nc5 1/2-1/2

[Event "*** Titled Tuesday Blitz"]
[Site "Chess.com"]
[Date "2019.01.01"]
[Round "3"]
[White "robbykevlishvili"]
[Black "PrinceMurad09"]
[Result "1-0"]
[WhiteElo "2779"]
[BlackElo "2480"]
[TimeControl "180+2"]
[EndTime "13:38:47 PST"]
[Termination "robbykevlishvili won by resignation"]

1. e4 c5 2. Nc3 Nc6 3. Nge2 g6 4.
g3 Bg7 5. Bg2 e6 6. O-O Nge7 7.
f4 O-O 8. d3 d5 9. Qe1 Nd4 10.
Nxd4 cxd4 11. Ne2 dxe4 12. Bxe4 Qc7 13. c4 dxc3 14. bxc3 Bd7 15. Ba3 Rfe8 16. Rb1 Bc6 17. Qf2 b6 18. Rbc1 Rad8 19. Bxe7 Rxe7 20. Bxc6 Qxc6 21.
d4 Rc7 22. Qe3 Rdc8 23. g4 Qd6 24. Rc2 Qd5 25. Rfc1 Bf8 26. Kf2 Ba3 27. Rd1 Bb4 28.
Qf3 Qxf3+ 29. Kxf3 Bd6 30. Rb1 Rc4 31. Ke4 Kf8 32. Kd3 Ke7 33. Rb5 Ra4 34. h3 h6 35.
c4 Ra3+ 36. Rb3 Ra5 37. Rb5 Ra3+ 38. Rb3 Ra5 39. Ke4 h5 40. g5 Ra4 41. Kd3 Ra5 42. h4 Kd7 43. Ke4 Ra4 44. Kd3 Ra5 45. Rcb2 Ra4 46.
Rc3 Bb4 47. Rcc2 Ba3 48. Rb1 Bd6 49. Rf1 Ra5 50. Ke4 Ra4 51. Rfc1 Ra3 52. c5 bxc5 53. dxc5 Ra4+ 54. Ke3 Ra3+ 55. Kf2 Be7 56. Ng3 Ra4 57. Kf3 Kc6 58. Ne4 Rd8 59. Nd6 Bxd6 60. cxd6+ Kxd6 61. Rd1+ Ke7 62. Rc7+ Ke8 63. Rxd8+ Kxd8 64. Rxf7 Rxa2 65.
Rg7 Ra3+ 66. Ke4 Rh3 67. Rxg6 Rxh4 68. Rxe6 Rg4 69. Rh6 h4 70. Kf5 Rg1 71. Rxh4 Ke8 72. Rh8+ Kf7 73. Rh7+ Kg8 74. Rxa7 Rb1 75. Kg4 Rg1+ 76.
Kh5 Rb1 77. f5 Rb5 78. Kg6 Rb6+ 79. f6 Rb8 80. Rg7+ Kh8 81. Rh7+ Kg8 82. f7+ 1-0

[Event "*** Titled Tuesday Blitz"]
[Site "Chess.com"]
[Date "2019.01.01"]
[Round "3"]
[White "Ali_rastbod"]
[Black "Awentrap"]
[Result "1-0"]
[WhiteElo "2560"]
[BlackElo "2603"]
[TimeControl "180+2"]
[EndTime "13:38:47 PST"]
[Termination "Ali_rastbod won by resignation"]

1. c4 g6 2. Nc3 Bg7 3. g3 c5 4. Bg2 Nc6 5. e3 e6 6. Nge2 Nge7 7.
O-O O-O 8. d4 cxd4 9. Nxd4 d5 10. cxd5 exd5 11. Nde2 Bg4 12. h3 Bf5 13. g4 Be6 14.
Nf4 Qa5 15. Bd2 Qb6 16. Na4 Qd8 17. Nc5 Bc8 18. Bc3 d4 19. exd4 Nxd4 20. Nxb7 Qb6 21. Na5 Ba6 22. Re1 Rad8 23. Qa4 Qc7 24. Nb3 Bb5 25.
Qb4 Qxf4 26. Qxe7 Nc2 27. Bxg7 Kxg7 28. Qxa7 Nxa1 29. Rxa1 Be2 30. Qc5 Kg8 31. Qc3 Ba6 32. Re1 Bc8 33. Nc5 Rd2 34. Ne4 Rdd8 35. Nf6+ Kh8 36.
Nd7+ f6 37. Nxf8 Rxf8 38. Qe3 Qb8 39. b3 Ba6 40. Qd2 Rd8 41. Qb2 Qd6 42. Qc3 Kg7 43.
Qe3 Rd7 44. b4 Bc4 45. a3 Kf7 46. Qc3 Be6 47. b5 Rc7 48. Bc6 Kg7 49. a4 Bd5 50.
Rc1 Qe6 51. Qe3 Qf7 52. Qg3 Be4 53. Qe3 f5 54. Bxe4 Rxc1+ 55. Qxc1 fxe4 56. Qc3+ Kh6 57. Qe3+ g5 58. Qxe4 Qb3 59. Kg2 Kg7 60. Qe5+ Kf7 61.
Qf5+ Ke8 62. Qe4+ Kd7 63. Qxh7+ Kd6 64. Qg6+ Kc7 65. Qc6+ Kb8 66. b6 Qf7 67. Qc7+ Qxc7 68. bxc7+ Kxc7 69. h4 1-0